 Dungeon Crawl Stone Soup version 0.29.1-4-g47bece8355 (webtiles) character file.

Game seed: 9663036053750493462

1701 NateTheGreat9901 the Grappler (level 8, -2/79 HPs)
             Began as a Troll Berserker on Dec 2, 2022.
             Was a Priest of Trog.
             Slain by an iguana (12 damage)
             ... on level 6 of the Dungeon.
             The game lasted 00:25:46 (5396 turns).

NateTheGreat9901 the Grappler (Troll Berserker)     Turns: 5396, Time: 00:25:47

Health: -2/79      AC:  4    Str: 28    XL:     8   Next: 73%
Magic:  7/7        EV: 11    Int:  3    God:    Trog [***...]
Gold:   354        SH:  0    Dex:  9    Spells: 7/7 levels left

rFire   . . .      SeeInvis +   y - +4 great sword
rCold   . . .      Faith    .   (shield currently unavailable)
rNeg    . . .      Spirit   .   a - +0 animal skin
rPois   .          Reflect  .   (helmet restricted)
rElec   .          Harm     .   (no cloak)
rCorr   .          Rampage  .   (gloves unavailable)
Will    ++...                   (boots unavailable)
Stlth   ++........              (no amulet)
HPRegen 2.03/turn               o - ring of see invisible
MPRegen 0.10/turn               (no ring)

@: strong-willed (expiring), regenerating (expiring)
A: large, unfitting armour, claws 3, regeneration 1, shaggy fur 1, tough skin 1
a: Renounce Religion, Berserk, Trog's Hand


You were on level 6 of the Dungeon.
You worshipped Trog.
Trog was most pleased with you.
You visited 1 branch of the dungeon, and saw 6 of its levels.
You also visited: Sewer.

You collected 354 gold pieces.

Inventory:

Hand Weapons
 e - a +4 dagger
 j - a +2 whip of venom
 m - a +0 sling
 p - a +2 long sword of draining
 y - a +4 great sword (weapon)
 z - a +3 mace
Missiles
 c - 47 stones (quivered)
 v - 3 throwing nets
Armour
 a - a +0 animal skin (worn)
Jewellery
 o - a ring of see invisible (left claw)
 w - an amulet of magic regeneration
Scrolls
 b - a scroll of fog {unknown}
 d - a scroll of enchant armour {unknown}
 f - a scroll of immolation
 g - a scroll of amnesia {unknown}
 h - 2 scrolls of teleportation
 k - a scroll of noise {unknown}
 t - 2 scrolls of torment
 u - a scroll of brand weapon {unknown}
 x - a scroll of identify {unknown}
 A - a scroll of poison {unknown}
Potions
 i - 2 potions of haste {unknown}
 l - 2 potions of mutation {unknown}
 n - 3 potions of heal wounds
 q - 3 potions of flight
 r - a potion of cancellation {unknown}
 s - a potion of might {unknown}
 B - a potion of curing


   Skills:
 + Level 4.4 Fighting
 + Level 1.1 Long Blades
 + Level 1.2 Throwing
 + Level 5.1 Dodging
 + Level 1.7 Stealth
 + Level 8.2 Unarmed Combat


You had 7 spell levels left.
You didn't know any spells.
Your spell library contained the following spells:

 Spells                   Type           Power      Damage    Failure   Level
 Shock                    Conj/Air       0%         1d3       52%         1
 Gell's Gravitas          Tloc           0%         N/A       88%         3
 Lesser Beckoning         Tloc           0%         N/A       88%         3
 Swiftness                Air            0%         N/A       88%         3
 Teleport Other           Tloc           0%         N/A       88%         3
 Airstrike                Air            0%         2d(0-16)  99%         4
 Animate Dead             Necr           0%         N/A       99%         4
 Fireball                 Conj/Fire      0%         3d3       100%        5
 Starburst                Conj/Fire      0%         6d3       100%        6
 Haunt                    Necr/Summ      0%         N/A       100%        7
 Ignition                 Fire           0%         3d3       100%        8
 Infestation              Necr           0%         N/A       100%        8


Dungeon Overview and Level Annotations

Branches:
Dungeon (6/15)              Sewer (visited)
 Temple: D:4-7

Altars:
Elyvilon
Qazlal

Shops:
D:6 (


Innate Abilities, Weirdness & Mutations

You are too large for most types of armour.
You have claws for hands.
Your natural rate of healing is unusually fast.
You are covered in fur. (AC +1)
You have tough skin. (AC +1)


Message History

The scorpion stings you. The scorpion closely misses you.
You barely miss the scorpion.
The scorpion is heavily wounded.
The scorpion stings you but does no damage. x2
You slash the scorpion!
You kill the scorpion!
Trog accepts your kill.
You hit the ogre.
The ogre is lightly wounded.
The ogre hits you with a +0 giant club!! x2
* * * LOW HITPOINT WARNING * * *
You hit the ogre.
The ogre is moderately wounded.
The ogre closely misses you.
Your skin crawls.
You feel strong-willed. The ogre attacks as you move away!
The ogre closely misses you.
There is an escape hatch in the ceiling here.
You slash the ogre!
The ogre is heavily wounded.
The ogre barely misses you.
You slash the ogre!
The ogre is severely wounded.
The ogre hits you with a +0 giant club! The iguana barely misses you.
You slash the ogre!
You kill the ogre!
Trog accepts your kill. The iguana bites you!
* * * LOW HITPOINT WARNING * * *
The iguana bites you!
* * * LOW HITPOINT WARNING * * *
Your Long Blades skill increases to level 1!
Press: ? - help, v - describe, . - travel
Here: an iguana The floor.
You hit the iguana.
The iguana is moderately wounded.
You feel the effects of Trog's Hand fading.
The iguana bites you!
You die...

#.# #.# #.###...##
#.# #.# #.##.###.#
#.# #.# #....# #.#
#.# #.#######.###>#
#.###............##
#......######.#.##
###......# #.#.#
....###### #...#
#..># #.@## .####
#l)# ## ##<# # #.#
# #.# # #†# # #.# #
#.# # #.#


You could see an iguana.

Vanquished Creatures
  Menkaure (D:5)
  A black bear (D:5)
  An ogre (D:6)
  An ice beast (D:6)
  A kobold brigand (Sewer)
  A necrophage (D:5)
  A bullfrog (D:6)
  3 scorpions
  5 wights (D:5)
  5 hounds
  A jelly (D:4)
  2 orc priests
  Natasha (thrice) (D:2)
  2 iguanas
  3 orc wizards
  Robin (D:4)
  8 gnolls
  2 adders (D:3)
  A river rat (Sewer)
  A worm (D:4)
  6 dart slugs
  14 orcs
  7 ball pythons
  6 endoplasms
  4 giant cockroaches
  10 goblins
  13 hobgoblins
  5 jackals
  5 quokkas
  4 bats
  2 frilled lizards
  11 kobolds
  10 rats
  A butterfly (D:3)
142 creatures vanquished.

Vanquished Creatures (others)
  12 fungi (D:6)
  2 plants (D:1)
14 creatures vanquished.

Grand Total: 156 creatures vanquished

Notes
Turn   | Place    | Note
-------+----------+-------------------------------------------
     0 | D:1      | NateTheGreat9901 the Troll Berserker began the quest for
                  | the Orb.
     0 | D:1      | Reached XP level 1. HP: 22/22 MP: 0/0
   121 | D:1      | Reached XP level 2. HP: 28/29 MP: 1/1
   377 | D:1      | Reached XP level 3. HP: 35/36 MP: 2/2
   601 | D:2      | You fall into a shaft and drop 2 floors!
   627 | D:4      | Reached ** piety under Trog
   636 | D:4      | Noticed a scorpion
   639 | D:4      | Reached XP level 4. HP: 39/45 MP: 3/3
   645 | D:4      | Killed a scorpion
   646 | D:4      | Reached skill level 4 in Unarmed Combat
   701 | D:4      | Reached XP level 5. HP: 53/53 MP: 4/4
  1391 | D:4      | Noticed Robin
  1412 | D:4      | Reached skill level 5 in Unarmed Combat
  1414 | D:4      | Killed Robin
  1823 | D:3      | Reached XP level 6. HP: 47/61 MP: 5/5
  1979 | D:3      | Found a faded altar of an unknown god.
  2282 | D:3      | Found a white marble altar of Elyvilon.
  2770 | D:2      | Found a stormy altar of Qazlal.
  2842 | D:2      | Noticed Natasha
  2858 | D:2      | Killed Natasha
  2859 | D:2      | Noticed Natasha
  2867 | D:2      | Killed Natasha
  2867 | D:2      | Reached *** piety under Trog
  3022 | D:2      | Noticed Natasha
  3030 | D:2      | Killed Natasha
  3624 | D:5      | Entered Level 5 of the Dungeon
  3628 | D:5      | Reached skill level 1 in Stealth
  3628 | D:5      | Reached skill level 6 in Unarmed Combat
  3628 | D:5      | Reached XP level 7. HP: 65/65 MP: 6/6
  3725 | D:5      | Noticed Menkaure
  3730 | D:5      | Reached skill level 1 in Throwing
  3739 | D:5      | Killed Menkaure
  3740 | D:5      | Reached skill level 7 in Unarmed Combat
  3746 | D:5      | Reached XP level 8. HP: 44/78 MP: 7/7
  4361 | D:6      | Found Mesif's Weapon Boutique.
  4603 | D:6      | Found a glowing drain.
  4628 | Sewer    | Entered a sewer
  4753 | Sewer    | Found a white marble altar of Elyvilon.
  5295 | D:6      | Reached skill level 5 in Dodging
  5295 | D:6      | Reached skill level 8 in Unarmed Combat
  5396 | D:6      | Reached skill level 1 in Long Blades
  5396 | D:6      | Slain by an iguana

Illustrated notes

Levels and vault maps discovered:
D:1:      roderic_crop_circles_arrival_small, layout_rooms,
          minmay_tiny_reverse_x
D:2:      layout_basic, basic_altar, minivault_4, uniq_natasha
D:3:      layout_loops_ring, nicolae_elyvilon_peaceful_grove,
          nicolae_ecumenical_snake_handling
D:4:      layout_layer_cave, uniq_robin
D:5:      nicolae_cairo_tiling_large_dashed, layout_loops_ring,
          corexii_leaking_fountain, uniq_menkaure
D:6:      layout_loops_ring, serial_aquarium, aquarium_bridge_square
          [aquarium_subvault_bridge, aquarium_subvault_window,
          aquarium_subvault_wall, aquarium_subvault_bridge],
          aquarium_window_fake, aquarium_window_corridor_3, aquarium_view_2d,
          aquarium_view_2d, serial_shops, nicolae_stop_n_shop_1,
          portal_sewer_entry_b, minmay_misc_feat_room, item_on_display_a

Skill      XL: |  1  2  3  4  5  6  7  8 |
---------------+-------------------------+-----
Fighting       | 3 4 |  4.4
Dodging        | 3 4 5 |  5.1
Unarmed Combat | 4 5 6 7 8 |  8.2
Stealth        | 1 |  1.7
Throwing       | 1 |  1.2
Long Blades    | 1 |  1.1

Action                   |  1- 3 |  4- 6 |  7- 9 || total
-------------------------+-------+-------+-------++-------
Melee: Unarmed           |    70 |   162 |    93 ||   325
       Punch             |     1 |     3 |     3 ||     7
       Great sword       |       |       |    28 ||    28
Throw: Stone             |     2 |     7 |       ||     9
       Throwing net      |       |     5 |       ||     5
Invok: Berserk           |       |     7 |     3 ||    10
       Trog's Hand       |       |     1 |     2 ||     3
  Use: Scroll            |     1 |     3 |     3 ||     7
       Potion            |       |     1 |     1 ||     2
 Stab: Sleeping          |       |     1 |     2 ||     3
Armor: Animal skin       |    34 |    54 |    35 ||   123
Dodge: Dodged            |    40 |    89 |    73 ||   202
